 Dungeon Crawl Stone Soup version 0.18-a0-1070-gd466a24 (webtiles) character file.

105 ahoge the Covered (level 4, -2/29 HPs)
             Began as a Gargoyle Fighter on Jan 13, 2016.
             Was an Initiate of Okawaru.
             Killed by nerve-wracking pain
             ... invoked by an orc priest
              (5 damage)
             ... on level 3 of the Dungeon.
             The game lasted 00:07:11 (1587 turns).

ahoge the Covered (Gargoyle Fighter)                Turns: 1587, Time: 00:07:11

Health: -2/29      AC: 12    Str: 20    XL:     4   Next: 83%
Magic:  4/4        EV:  7    Int:  8    God:    Okawaru [......]
Gold:   121        SH:  9    Dex: 10    Spells: 0 memorised, 3 levels left

rFire  . . .     SeeInvis .     v - +2 whip (elec)
rCold  . . .     Gourm    .     b - +0 scale mail
rNeg   + . .     Faith    .     c - +0 shield
rPois  ∞         Spirit   .     (no helmet)
rElec  +         Dismiss  .     t - +1 cloak
rCorr  .         Reflect  .     (no gloves)
SustAt .         Harm     .     (no boots)
MR     .....                    (no amulet)
Stlth  ..........               (no ring)
                                (no ring)

@: not resistant to hostile enchantments, extremely unstealthy
A: negative energy resistance 1, electricity resistance, unbreathing,
petrification resistance, rot immunity, AC +3
a: Renounce Religion


You were on level 3 of the Dungeon.
You worshipped Okawaru.
Okawaru was noncommittal.
You were not hungry.

You visited 1 branch of the dungeon, and saw 3 of its levels.

You collected 121 gold pieces.

Inventory:

Hand Weapons
 a - a +0 flail
 v - a +2 whip of electrocution (weapon)
Armour
 b - a +0 scale mail (worn)
 c - a +0 shield (worn)
 t - a +1 cloak (worn)
Scrolls
 e - a scroll of fog {unknown}
 h - 3 scrolls of teleportation {unknown}
 i - 2 scrolls of noise {unknown}
 k - 2 scrolls of remove curse {unknown}
 m - a scroll of enchant armour {unknown}
 n - 2 scrolls of identify {unknown}
 o - a scroll of recharging {unknown}
 p - 2 scrolls of blinking {unknown}
Potions
 d - a potion of might
 j - 3 potions of curing {unknown}
 q - a potion of brilliance {unknown}
 r - a potion of lignification {unknown}
 s - a potion of haste {unknown}
Books
 u - a book of Maledictions

   Spells                             Type                      Level
   a - Corona                         Hexes                        1
   b - Ensorcelled Hibernation        Hexes/Ice                    2
   c - Confuse                        Hexes                        3
   d - Tukima's Dance                 Hexes                        3
   e - Dazzling Spray                 Conjuration/Hexes            3
Comestibles
 f - 3 bread rations
 g - 4 chunks of flesh
 l - 3 fruits


   Skills:
 + Level 3.8 Fighting
 + Level 2.8 Maces & Flails
 + Level 4.1 Armour
 + Level 1.0 Dodging
 + Level 4.0 Shields


You had 3 spell levels left.
You didn't know any spells.

Dungeon Overview and Level Annotations

Branches:
Dungeon (3/15)

Altars:
Dithmenos
Okawaru
Trog

Annotations:
D:3 Robin


Innate Abilities, Weirdness & Mutations

You are resistant to torment.
Your stone body is resilient (AC +3).
You are immune to poison.
You resist negative energy.
You are resistant to electric shocks.
You can survive without breathing.
You are immune to petrification.
You are immune to rotting.


Message History

Pain shoots through your body!
You hit the goblin.
The goblin is heavily wounded.
The goblin hits you but does no damage.
You barely miss the goblin.
The goblin is heavily wounded.
The goblin hits you but does no damage.
You hit the goblin.
There is a sudden explosion of sparks!
You kill the goblin!
Okawaru accepts your kill.
You completely miss the orc priest.
The orc priest mumbles some strange prayers to Beogh against you.
Something smites you!
* * * LOW HITPOINT WARNING * * *
You hear a shout!
The orc priest miscasts a cantrip.
Found a rapier.
The orc priest mumbles some strange prayers to Beogh against you.
Pain shoots through your body!
You die...

..........# ##..####
##........ ##....##
##....... ##..#...#
......#..###..###..##
.............## ##..#
..............# #..##.#
##............####.....#
...#............##...#
........÷(>.@.......#
..#.##.....######)### .
#. #.##o## # #. #((# #.
##)# #. #oo# .#... .g
..(.. ... .......


You could see an orc priest.

Vanquished Creatures
  Ijyb (D:2)
  2 adders (D:2)
  A worm (D:3)
  An orc (D:3)
  4 bats
  5 giant cockroaches
  10 goblins
  7 hobgoblins
  4 jackals (D:1)
  2 quokkas
  A ball python (D:2)
  4 giant newts
  7 kobolds
  6 rats
55 creatures vanquished.

Notes
Turn   | Place    | Note
--------------------------------------------------------------
     0 | D:1      | ahoge the Gargoyle Fighter began the quest for the Orb.
     0 | D:1      | Reached XP level 1. HP: 14/14 MP: 1/1
   119 | D:1      | Reached XP level 2. HP: 17/19 MP: 2/2
   510 | D:1      | Reached XP level 3. HP: 23/23 MP: 3/3
   905 | D:2      | Noticed Ijyb
   933 | D:2      | Killed Ijyb
   971 | D:2      | Reached skill level 4 in Armour
   971 | D:2      | Reached XP level 4. HP: 27/29 MP: 4/4
  1055 | D:2      | Found an iron altar of Okawaru.
  1056 | D:2      | Found a shadowy altar of Dithmenos.
  1067 | D:2      | Became a worshipper of Warmaster Okawaru
  1406 | D:3      | Reached skill level 1 in Dodging
  1451 | D:3      | Found a bloodstained altar of Trog.
  1564 | D:3      | Noticed Robin
  1587 | D:3      | Killed from afar by an orc priest

Vault maps used:
D:1:      lightli_arrival_quake, hangedman_decor_clover_reticule,
          bh_walls_and_bars
D:2:      gammafunk_temple_overflow_pools, first_bread, eino_tiny_chamber,
          uniq_iyjb
D:3:      bloody_trog, cheibrodos_ashenzari_chains, minmay_gold_behind_fungi,
          uniq_robin

Action                   |  1- 3 |  4- 6 || total
-------------------------+-------+-------++-------
Melee: Flail             |   104 |    76 ||   180
       Whip              |       |    20 ||    20
  Eat: Chunk             |       |     3 ||     3
